 Dungeon Crawl Stone Soup version 0.18-a0-1774-gce1f7b6 (webtiles) character file.

96 dobroeutro the Shield-Bearer (level 4, -4/29 HPs)
             Began as a Gargoyle Fighter on Apr 15, 2016.
             Killed from afar by Natasha (5 damage)
             ... with a magic dart
             ... on level 2 of the Dungeon.
             The game lasted 00:01:49 (1048 turns).

dobroeutro the Shield-Bearer (Gargoyle Fighter)     Turns: 1048, Time: 00:01:50

Health: -4/29      AC: 10    Str: 20    XL:     4   Next: 67%
Magic:  4/4        EV:  7    Int:  9    God:
Gold:   81         SH:  9    Dex:  9    Spells: 0 memorised, 3 levels left

rFire  . . .     SeeInvis .     a - +0 flail
rCold  . . .     Gourm    .     b - +0 scale mail
rNeg   + . .     Faith    .     c - +0 shield
rPois  ∞         Spirit   .     (no helmet)
rElec  +         Dismiss  .     (no cloak)
rCorr  .         Reflect  .     (no gloves)
SustAt .         Harm     .     (no boots)
MR     .....                    (no amulet)
Stlth  +.........               (no ring)
                                j - ring of stealth

@: slowed, very slow, not resistant to hostile enchantments, very unstealthy
A: negative energy resistance 1, electricity resistance, unbreathing,
petrification resistance, rot immunity, AC +3
a: no special abilities


You were on level 2 of the Dungeon.
You were not hungry.

You visited 1 branch of the dungeon, and saw 2 of its levels.

You collected 81 gold pieces.

Inventory:

Hand Weapons
 a - a +0 flail (weapon)
Armour
 b - a +0 scale mail (worn)
 c - a +0 shield (worn)
Jewellery
 j - a ring of stealth (left hand)
Scrolls
 e - 2 scrolls of blinking {unknown}
 g - 2 scrolls of identify {unknown}
 l - a scroll of enchant weapon {unknown}
 m - a scroll of teleportation {unknown}
 n - 3 scrolls of enchant armour {unknown}
Potions
 d - a potion of might
 h - a potion of haste {unknown}
 i - a potion of mutation {unknown}
 p - a potion of heal wounds {unknown}
Comestibles
 f - 2 bread rations
 k - a meat ration
 o - a beef jerky
 q - 2 chunks of flesh


   Skills:
 + Level 4.1 Fighting
 + Level 2.6 Maces & Flails
 + Level 4.0 Armour
 + Level 4.2 Shields


You had 3 spell levels left.
You didn't know any spells.

Dungeon Overview and Level Annotations

Branches:
Dungeon (2/15)

Altars:
Ru

Annotations:
D:2 Natasha


Innate Abilities, Weirdness & Mutations

You are resistant to torment.
Your stone body is resilient (AC +3).
You are immune to poison.
You resist negative energy.
You are resistant to electric shocks.
You can survive without breathing.
You are immune to petrification.
You are immune to rotting.


Message History

You are too injured to fight recklessly!
You are too injured to fight recklessly!
You are too injured to fight recklessly!
Unknown command.
You hit Natasha.
Natasha is severely wounded.
Natasha claws you.
* * * LOW HITPOINT WARNING * * *
Natasha claws you.
* * * LOW HITPOINT WARNING * * *
You hit Natasha.
Natasha is almost dead.
Natasha claws you.
* * * LOW HITPOINT WARNING * * *
You block Natasha's attack.
Your shield and scale mail prevent you from hitting Natasha.
Natasha is almost dead.
Natasha casts a spell at you. The magic dart hits you!
You die...

#.......#.##....#.......#.#
####.####.########.....##.##
. ... ..# #########.# # #.#
### #.#.## #.# #########
##.## ........# #.#
####.####.# #.........#
#@######### #h# #5# # ..# .
..# .#. .#.# ... ..[# #.#.#
.#.#. ......


You could see Natasha and a shadow imp.

Vanquished Creatures
  Natasha (D:2)
  3 adders
  An ooze (D:2)
  2 worms (D:2)
  A dart slug (D:1)
  A giant cockroach (D:1)
  3 goblins
  4 hobgoblins (D:1)
  3 jackals (D:1)
  A ball python (D:2)
  5 bats
  4 giant newts (D:1)
  4 kobolds (D:1)
  2 rats
35 creatures vanquished.

Notes
Turn   | Place    | Note
--------------------------------------------------------------
     0 | D:1      | dobroeutro the Gargoyle Fighter began the quest for the Orb.
     0 | D:1      | Reached XP level 1. HP: 14/14 MP: 1/1
   152 | D:1      | Reached XP level 2. HP: 19/19 MP: 2/2
   522 | D:1      | Reached XP level 3. HP: 23/23 MP: 3/3
   776 | D:2      | Noticed Natasha
   782 | D:2      | Killed Natasha
   782 | D:2      | Reached XP level 4. HP: 26/29 MP: 4/4
   937 | D:2      | Found a sacrificial altar of Ru.
  1031 | D:2      | Noticed Natasha
  1046 | D:2      | HP: 1/29 [Natasha (6)]
  1048 | D:2      | Killed from afar by Natasha

Vault maps used:
D:1:      dpeg_arrival_chase
D:2:      nicolae_ru_sacrificial_ziggurat, gammafunk_temple_overflow_statue,
          first_bread, glass_columns_b, grunt_ministairs_10, hex_large,
          moated_statue, uniq_natasha

Skill      XL: |  1  2  3  4 |
---------------+-------------+-----
Shields        | 4 |  4.2
Fighting       | 4 |  4.1
Armour         | 4 |  4.0
Maces & Flails | |  2.6

Action                   |  1- 3 |  4- 6 || total
-------------------------+-------+-------++-------
Melee: Flail             |   102 |    86 ||   188
  Eat: Chunk             |       |     1 ||     1
Armor: Scale mail        |    66 |    60 ||   126
Dodge: Dodged            |    36 |    32 ||    68
Block: Shield            |    51 |    62 ||   113
